 Dungeon Crawl Stone Soup version 0.23-a0-808-gd21de94 (webtiles) character file.

301 tidbits the Fighter (level 6, -3/61 HPs)
             Began as a Gnoll Wanderer on Jan 20, 2019.
             Slain by Pikel
             ... wielding a +2 whip of electrocution
              (20 damage)
             ... on level 4 of the Dungeon.
             The game lasted 00:18:06 (1604 turns).

tidbits the Fighter (Gnoll Wanderer)                Turns: 1604, Time: 00:18:07

Health: -3/61      AC: 14    Str: 17    XL:     6   Next: 37%
Magic:  8/8        EV: 14    Int: 17    God:
Gold:   187        SH:  0    Dex: 13    Spells: 8/8 levels left

rFire    + . .     SeeInvis .   d - +3 trident (protect)
rCold    . . .     Gourm    .   (no shield)
rNeg     . . .     Faith    .   B - +0 ring mail
rPois    .         Spirit   .   (no helmet)
rElec    .         Reflect  .   (no cloak)
rCorr    .         Harm     .   (no gloves)
MR       .....                  (no boots)
Stlth    ++........             (no amulet)
HPRegen  0.20/turn              V - +3 ring of evasion
MPRegen  0.11/turn              s - +2 ring of intelligence

@: protection aura
A: distributed training, fangs 1, yellow scales 1, fire resistance 1, evolution
1, strong nose
a: no special abilities


You were on level 4 of the Dungeon.
You were not hungry.

You visited 1 branch of the dungeon, and saw 5 of its levels.

You collected 187 gold pieces.

Inventory:

Hand Weapons
 a - a +2 dagger of holy wrath
   (You took it off a goblin on level 2 of the Dungeon)
 b - a +2 hand axe
 c - a +0 hunting sling
 d - a +3 trident of protection (weapon)
   (You took it off an orc priest on level 4 of the Dungeon)
 h - a +0 halberd
Missiles
 l - 66 arrows
 o - 19 bolts
 q - 27 sling bullets
Armour
 f - a +0 leather armour of cold resistance
   (You found it on level 1 of the Dungeon)
 g - a +0 chain mail
 B - a +0 ring mail (worn)
Jewellery
 s - a +2 ring of intelligence (right hand)
   (You found it on level 4 of the Dungeon)
 V - a +3 ring of evasion (left hand)
   (You found it on level 2 of the Dungeon)
Scrolls
 e - a scroll of fear
 i - a scroll of noise {unknown}
 j - a scroll of amnesia
 n - a scroll of immolation
 r - 3 scrolls of remove curse
Potions
 k - 2 potions of degeneration
Comestibles
 p - 8 rations


   Skills:
 + Level 10.5 Fighting
 + Level 1.9 Short Blades
 + Level 1.9 Long Blades
 + Level 3.2 Axes
 + Level 1.9 Maces & Flails
 + Level 1.9 Polearms
 + Level 1.9 Staves
 + Level 1.9 Slings
 + Level 1.9 Bows
 + Level 1.9 Crossbows
 + Level 3.2 Throwing
 + Level 1.9 Armour
 + Level 1.9 Dodging
 + Level 4.5 Stealth
 + Level 1.9 Shields
 + Level 1.9 Unarmed Combat
 + Level 1.9 Spellcasting
 + Level 1.5 Conjurations
 + Level 1.5 Hexes
 + Level 1.5 Charms
 + Level 1.5 Summonings
 + Level 1.5 Necromancy
 + Level 1.5 Translocations
 + Level 1.5 Transmutations
 + Level 1.5 Fire Magic
 + Level 1.5 Ice Magic
 + Level 1.5 Air Magic
 + Level 1.5 Earth Magic
 + Level 1.5 Poison Magic
 + Level 2.1 Invocations
 + Level 3.2 Evocations


You had 8 spell levels left.
You didn't know any spells.
Your spell library was empty.

Dungeon Overview and Level Annotations

Branches:
Dungeon (5/15)
 Temple: D:4-7

Altars:
Makhleb
Wu Jian
Zin

Annotations:
D:4 2 transporters, Autsider's ghost, amateur DrWz; Pikel
D:5 exclusion: ogre


Innate Abilities, Weirdness & Mutations

Your experience applies equally to all skills.
You have very sharp teeth.
Your uncanny sense of smell can sniff out nearby items.
You are partially covered in yellow scales. (AC +2)
Your flesh is heat resistant. (rF+)
You evolve.


Message History

There is a stone staircase leading up here.
Unknown command.
Unknown command.
Unknown command.
As you open the door, it creaks loudly!
Unknown command.
Found an escape hatch in the ceiling.
There is an open door here.
Unknown command.
There is a transporter landing site here.
Autsider's ghost turns its malevolent gaze towards you.
A slave comes into view.
The slave shouts!
Unknown command.
Pikel shouts!
Unknown command.
Unknown command.
Attack whom?
Press: ? - help, Dir - move target cursor, f - Pikel
Aim: Pikel, wielding a +2 whip of electrocution and wearing a +0 robe You reach to attack!
You completely miss Pikel.
The adder hisses angrily.
The slave shouts!
Pikel says, "You'll feel the lick of my whip!"
Okay, then.
Unknown command.
Okay, then.
Unknown command.
You hit Pikel.
Your weapon exudes an aura of protection.
Pikel is lightly wounded.
Pikel hits you but does no damage.
You are electrocuted!
You closely miss Pikel. Your bite misses Pikel.
Pikel is lightly wounded.
Pikel hits you with a +2 whip of electrocution. x2
You barely miss Pikel.
Pikel is lightly wounded.
Pikel closely misses you.
You hit Pikel but do no damage.
Your weapon exudes an aura of protection.
Pikel is lightly wounded.
Pikel closely misses you.
You closely miss Pikel.
Pikel is lightly wounded.
Pikel closely misses you.
You hit Pikel.
Pikel is lightly wounded.
Pikel hits you but does no damage.
You are electrocuted!
Press: ? - help, v - describe, . - travel
Here: Pikel, wielding a +2 whip of electrocution and wearing a +0 robe (lightly wounded)
The floor.
Unknown command.
You barely miss Pikel.
Pikel is lightly wounded.
Pikel completely misses you. Pikel hits you but does no damage.
You hit Pikel. You bite Pikel, but do no damage.
Pikel is moderately wounded.
Pikel hits you with a +2 whip of electrocution.
Autsider's ghost wails, "Death is your only future!"
You hit Pikel.
Pikel is heavily wounded.
Pikel closely misses you.
You hit Pikel.
Pikel is heavily wounded.
Pikel hits you with a +2 whip of electrocution.
* * * LOW HITPOINT WARNING * * *
You hit Pikel but do no damage.
Pikel is heavily wounded.
Pikel closely misses you.
You puncture Pikel! Your bite misses Pikel.
Pikel is almost dead.
Pikel hits you but does no damage.
Pikel drinks a potion.
Pikel is healed!
You miss Pikel.
Pikel is lightly wounded.
Pikel hits you but does no damage.
You hit Pikel.
Pikel is lightly wounded.
Pikel hits you but does no damage.
You are electrocuted!
* * * LOW HITPOINT WARNING * * *
You barely miss Pikel. Your bite misses Pikel.
Pikel is lightly wounded.
Pikel hits you with a +2 whip of electrocution.
* * * LOW HITPOINT WARNING * * *
You completely miss Pikel.
Pikel is lightly wounded.
Pikel barely misses you.
You puncture Pikel!
Pikel is moderately wounded.
Autsider's ghost whispers, "Meet the emptiness of death!"
Pikel hits you but does no damage. Pikel misses you.
You closely miss Pikel.
Pikel is moderately wounded.
Pikel barely misses you.
You hit Pikel.
Pikel is heavily wounded.
Pikel hits you but does no damage.
You are electrocuted!
You die...

#...........###..........#
##
#..#########..#...........#
#K##......©##.#.###########
#.#8.......8#.#.#
#p#.........#.#.#
...#.........#...#
#..©#....©...s#©..#
##..#........S#..##
......W#@## ..../.8#K#
......##p# #######.p#
........## #########


You could see Pikel, 2 slaves, a scorpion, Autsider's ghost and an adder.

Vanquished Creatures
  2 slaves (D:4)
  2 orc priests (D:4)
  Natasha (thrice) (D:2)
  3 gnolls (D:3)
  5 adders
  An adder skeleton (D:4)
  3 worms
  6 leopard geckos
  5 orcs
  2 giant cockroaches
  5 goblins
  6 hobgoblins
  4 jackals (D:2)
  7 kobolds
  2 quokkas
  A ball python (D:1)
  10 bats
  5 frilled lizards
  2 leopard gecko skeletons (D:4)
  10 rats
84 creatures vanquished.

Notes
Turn   | Place    | Note
-------+----------+-------------------------------------------
     0 | D:1      | Reached skill level 10 in Fighting
     0 | D:1      | tidbits the Gnoll Wanderer began the quest for the Orb.
     0 | D:1      | tidbits set off with the following items: a +2 hand axe, 2
                  | potions of lignification, a +0 robe, a +0 dagger, a ration
     0 | D:1      | Reached XP level 1. HP: 28/28 MP: 2/2
   103 | D:2      | Reached XP level 2. HP: 31/36 MP: 3/3
   356 | D:2      | Reached XP level 3. HP: 32/42 MP: 4/4
   358 | D:2      | Noticed Natasha
   380 | D:2      | Killed Natasha
   380 | D:2      | Reached skill level 1 in Short Blades
   380 | D:2      | Reached skill level 1 in Long Blades
   380 | D:2      | Reached skill level 1 in Maces & Flails
   380 | D:2      | Reached skill level 1 in Polearms
   380 | D:2      | Reached skill level 1 in Staves
   380 | D:2      | Reached skill level 1 in Slings
   380 | D:2      | Reached skill level 1 in Bows
   380 | D:2      | Reached skill level 1 in Crossbows
   380 | D:2      | Reached skill level 1 in Armour
   380 | D:2      | Reached skill level 1 in Dodging
   380 | D:2      | Reached skill level 1 in Shields
   380 | D:2      | Reached skill level 1 in Unarmed Combat
   380 | D:2      | Reached skill level 1 in Spellcasting
   380 | D:2      | Reached skill level 1 in Invocations
   423 | D:2      | Found a glowing silver altar of Zin.
   432 | D:2      | Reached XP level 4. HP: 24/48 MP: 6/6
   452 | D:2      | Noticed Natasha
   465 | D:2      | Killed Natasha
   465 | D:2      | Reached skill level 1 in Conjurations
   465 | D:2      | Reached skill level 1 in Hexes
   465 | D:2      | Reached skill level 1 in Charms
   465 | D:2      | Reached skill level 1 in Summonings
   465 | D:2      | Reached skill level 1 in Necromancy
   465 | D:2      | Reached skill level 1 in Translocations
   465 | D:2      | Reached skill level 1 in Transmutations
   465 | D:2      | Reached skill level 1 in Fire Magic
   465 | D:2      | Reached skill level 1 in Ice Magic
   465 | D:2      | Reached skill level 1 in Air Magic
   465 | D:2      | Reached skill level 1 in Earth Magic
   465 | D:2      | Reached skill level 1 in Poison Magic
   517 | D:2      | Noticed Natasha
   526 | D:2      | Killed Natasha
   526 | D:2      | Reached XP level 5. HP: 21/54 MP: 7/7
   628 | D:3      | Found a burning altar of Makhleb.
   695 | D:3      | Reached skill level 3 in Axes
   695 | D:3      | Reached skill level 3 in Throwing
   695 | D:3      | Reached skill level 3 in Evocations
   696 | D:3      | HP: 4/81 [gnoll/+0 halberd (5)]
   701 | D:3      | HP: 6/121 [poisoned by an adder]
   706 | D:3      | HP: 4/81 [poisoned by an adder]
   712 | D:3      | HP: 4/81 [poisoned by an adder]
  1013 | D:4      | Reached skill level 2 in Invocations
  1013 | D:4      | Reached XP level 6. HP: 31/61 MP: 8/8
  1060 | D:5      | Entered Level 5 of the Dungeon
  1158 | D:4      | Noticed a slave
  1159 | D:4      | Noticed a slave
  1180 | D:4      | Killed a slave
  1185 | D:4      | Killed a slave
  1218 | D:4      | Found a transporter.
  1224 | D:4      | Noticed Autsider's ghost (amateur DrWz)
  1227 | D:4      | Found a transporter.
  1227 | D:4      | Noticed Pikel
  1227 | D:4      | Noticed a slave
  1241 | D:4      | Gained mutation: You are partially covered in yellow
                  | scales. (AC +2) [potion of mutation]
  1241 | D:4      | Gained mutation: You evolve. [potion of mutation]
  1241 | D:4      | Gained mutation: Your flesh is heat resistant. (rF+)
                  | [potion of mutation]
  1241 | D:4      | HP: 3/61 [Pikel/+2 whip of electrocution (15)]
  1443 | D:3      | Found an ornate altar of the Wu Jian Council.
  1578 | D:4      | Noticed a slave
  1604 | D:4      | Slain by Pikel

Vault maps used:
D:1:      dpeg_arrival_tiny_h, serial_curves, eino_curves_04, eino_curves_04
D:2:      lemuel_doored_altar, uniq_natasha
D:3:      nicolae_overflow_crystal_walls, bloody_makhleb, first_ration
D:4:      serial_shops, kennysheep_little_box, gammafunk_ghost_arena,
          kennysheep_pointless_box, uniq_pikel

Skill      XL: |  1  2  3  4  5 |
---------------+----------------+-----
Fighting       | | 10.5
Short Blades   | 1 |  1.9
Long Blades    | 1 |  1.9
Maces & Flails | 1 |  1.9
Polearms       | 1 |  1.9
Staves         | 1 |  1.9
Slings         | 1 |  1.9
Bows           | 1 |  1.9
Crossbows      | 1 |  1.9
Armour         | 1 |  1.9
Dodging        | 1 |  1.9
Shields        | 1 |  1.9
Unarmed Combat | 1 |  1.9
Spellcasting   | 1 |  1.9
Invocations    | 1 2 |  2.1
Conjurations   | 1 |  1.5
Hexes          | 1 |  1.5
Charms         | 1 |  1.5
Summonings     | 1 |  1.5
Necromancy     | 1 |  1.5
Translocations | 1 |  1.5
Transmutations | 1 |  1.5
Fire Magic     | 1 |  1.5
Ice Magic      | 1 |  1.5
Air Magic      | 1 |  1.5
Earth Magic    | 1 |  1.5
Poison Magic   | 1 |  1.5
Axes           | 3 |  3.2
Throwing       | 3 |  3.2
Evocations     | 3 |  3.2
Stealth        | |  4.5

Action                   |  1- 3 |  4- 6 || total
-------------------------+-------+-------++-------
Melee: Hand axe          |    55 |   106 ||   161
       Bite              |     5 |    12 ||    17
       Dagger            |     5 |     3 ||     8
       Trident           |       |    61 ||    61
 Fire: Hunting sling     |       |    12 ||    12
  Use: Scroll            |     2 |     5 ||     7
       Potion            |     1 |    10 ||    11
 Stab: Sleeping          |     5 |     5 ||    10
       Invisible         |       |     2 ||     2
  Eat: Ration            |       |     1 ||     1
Armor: Leather armour    |     8 |    19 ||    27
       Skin              |    20 |    36 ||    56
       Ring mail         |       |    19 ||    19
Dodge: Dodged            |    25 |    98 ||   123

Table legend:
 A = Non-vault XP
 B = Vault XP
 C = Vault XP percentage of total XP
 D = Non-vault monster count
 E = Vault monster count
 F = Vault count percentage of total count
                 A         B        C        D         E       F
            +---------+---------+-------+---------+---------+-------
      Total |     396 |      35 |   8.1 |      81 |       1 |   1.2
            +---------+---------+-------+---------+---------+-------
        D:1 |      17 |       0 |   0.0 |      11 |       0 |   0.0
        D:2 |     150 |      35 |  18.9 |      32 |       1 |   3.0
        D:3 |     111 |       0 |   0.0 |      28 |       0 |   0.0
        D:4 |     113 |       0 |   0.0 |       9 |       0 |   0.0
        D:5 |       5 |       0 |   0.0 |       1 |       0 |   0.0
            +---------+---------+-------+---------+---------+-------

Table legend:
 A = Turns spent in this place as a percentage of turns spent in the entire game.
 B = Non-inter-level travel turns spent in this place as a percentage of non-inter-level travel turns spent in the entire game.
 C = Inter-level travel turns spent in this place as a percentage of turns spent in this place.
 D = Turns resting spent in this place as a percentage of non-inter-level travel turns spent in this place.
 E = Turns spent auto-exploring this place as a percentage of non-inter-level travel turns spent in this place.
 F = Non-inter-level travel turns spent in this place divided by the number of levels of this place that you've seen.
                   A       B       C       D       E      F
               +-------+-------+-------+-------+-------+----------------------
         Total | 100.0 | 100.0 |   4.9 |   0.0 |   0.0 | 305.2
       Dungeon | 100.0 | 100.0 |   4.9 |   0.0 |   0.0 | 305.2
               +-------+-------+-------+-------+-------+----------------------

Table legend:
 A = Kills in this place as a percentage of kills in entire the game.
 B = Kills by you in this place as a percentage of kills by you in the entire game.
 C = Kills by friends in this place as a percentage of kills by friends in the entire game.
 D = Other kills in this place as a percentage of other kills in the entire game.
 E = Experience gained in this place as a percentage of experience gained in the entire game.
 F = Experience gained in this place divided by the number of levels of this place that you have seen.
                   A       B       C       D       E      F
               +-------+-------+-------+-------+-------+----------------------
         Total | 100.0 | 100.0 |   N/A |   N/A | 100.0 |  86.2
       Dungeon | 100.0 | 100.0 |   N/A |   N/A | 100.0 |  86.2
               +-------+-------+-------+-------+-------+----------------------

Vault maps used:
D:1:      dpeg_arrival_tiny_h, serial_curves, eino_curves_04, eino_curves_04
D:2:      lemuel_doored_altar, uniq_natasha
D:3:      nicolae_overflow_crystal_walls, bloody_makhleb, first_ration
D:4:      serial_shops, kennysheep_little_box, gammafunk_ghost_arena,
          kennysheep_pointless_box, uniq_pikel
